 Dungeon Crawl Stone Soup version 0.22-a0-553-g9358b0b (webtiles) character file.

886 iamserjio the Chopper (level 8, -3/46 HPs)
             Began as a Gargoyle Fighter on June 25, 2018.
             Killed from afar by Dowan (9 damage)
             ... with a puff of flame
             ... on level 4 of the Dungeon.
             The game lasted 00:10:32 (1347 turns).

iamserjio the Chopper (Gargoyle Fighter)            Turns: 1347, Time: 00:10:33

Health: -3/46      AC: 19    Str: 20    XL:     8   Next: 5%
Magic:  8/8        EV:  4    Int: 10    God:
Gold:   154        SH: 10    Dex: 10    Spells: 7/7 levels left

rFire    . . .     SeeInvis .   a - +0 war axe
rCold    . . .     Gourm    .   c - +0 shield
rNeg     + . .     Faith    .   k - +0 plate armour
rPois    ∞         Spirit   .   h - +0 helmet
rElec    +         Reflect  .   (no cloak)
rCorr    .         Harm     .   (no gloves)
MR       .....                  (no boots)
Stlth    ..........             (no amulet)
HPRegen  0.15/turn              (no ring)
MPRegen  0.11/turn              (no ring)

@: glowing
A: negative energy resistance 1, electricity resistance, unbreathing,
petrification resistance, rot immunity, AC +5
a: no special abilities


You were on level 4 of the Dungeon.
You were very hungry.

You visited 1 branch of the dungeon, and saw 6 of its levels.
You also visited: Sewer.

You collected 154 gold pieces.

Inventory:

Hand Weapons
 a - a +0 war axe (weapon)
 m - a +0 dagger
Missiles
 t - 3 steel javelins (quivered)
 x - 8 needles of sleeping {!f}
Armour
 b - a +0 scale mail
 c - a +0 shield (worn)
 h - a +0 helmet (worn)
 k - a +0 plate armour (worn)
 u - a +0 chain mail
Jewellery
 g - an uncursed ring of stealth {unknown}
 s - an uncursed ring of flight
Scrolls
 e - 2 scrolls of fear
 j - a scroll of fog
 p - a scroll of blinking
 q - a scroll of remove curse {@r2}
 w - a scroll of teleportation
 y - a scroll of amnesia {unknown}
Potions
 d - 2 potions of might
 i - a potion of curing {@q1}
 l - 3 potions of lignification
 n - a potion of heal wounds {unknown}
 o - a potion of cancellation {unknown}
 r - a potion of brilliance {unknown}
 v - a potion of degeneration
Comestibles
 f - 4 rations


   Skills:
 - Level 3.2 Fighting
 * Level 6.0 Axes
 + Level 5.8 Armour
 + Level 5.8 Shields


You had 7 spell levels left.
You didn't know any spells.
Your spell library was empty.

Dungeon Overview and Level Annotations

Branches:
Dungeon (6/15)
 Temple: D:4-7

Altars:
Cheibriados
The Shining One

Annotations:
D:3 2 transporters
D:4 Dowan, Duvessa


Innate Abilities, Weirdness & Mutations

You are resistant to torment.
Your stone body is resilient. (AC +5)
You are immune to poison.
You resist negative energy. (rN+)
You are resistant to electric shocks. (rElec)
You can survive without breathing.
You are immune to petrification.
You are immune to rotting.


Message History

You slash Duvessa!
Duvessa is severely wounded.
You closely miss Dowan. You block Duvessa's attack. Dowan casts a spell at you.
The puff of frost hits you!
* * * LOW HITPOINT WARNING * * *
You closely miss Duvessa.
Duvessa is severely wounded.
You closely miss Dowan. You block Duvessa's attack.
Dowan hits you but does no damage.
You barely miss Duvessa.
Duvessa is severely wounded.
You miss Dowan. You block Duvessa's attack.
Dowan points at you and mumbles some strange words.
The puff of frost hits you!
* * * LOW HITPOINT WARNING * * *
Duvessa hits you but does no damage.
Dowan points at you and mumbles some strange words.
The puff of flame hits you!
You die...

##.#... #...# #.##.#
####...##...#
.#.##.##.......##..[#######
.............#.##.†.[.....#
.#.#.....#####..#†)[[.....#
...#......................#
##.#...)..................#
#.##'###.......#.#.......#
#.##.# #.......@)........#
#.##.# #......#ee##......#
.#+##.###......#.>##......####..
.......##......#####............
...)...........# ###..........
...............# #..#.......
...............# #..#.######
..........####.# #.....
..........# .# ##.#.##


You could see Duvessa and Dowan.

Vanquished Creatures
  Grinder (D:3)
  Sigmund (D:3)
  A sky beast (D:5)
  An ogre (D:3)
  Blork the orc (D:4)
  A howler monkey (D:4)
  Ijyb (D:3)
  3 worker ants
  2 orc wizards
  A hound skeleton (D:4)
  A howler monkey skeleton (D:4)
  An adder (D:3)
  An ooze (D:3)
  A worm (D:4)
  A dart slug (D:2)
  6 leopard geckos
  5 orcs
  A bat (D:3)
  4 giant cockroaches
  5 goblins
  4 hobgoblins
  2 jackals (D:1)
  A quokka (D:3)
  3 ball pythons
  4 frilled lizards
  A jackal skeleton (D:4)
  4 kobolds (D:1)
  2 rats
60 creatures vanquished.

Notes
Turn   | Place    | Note
-------+----------+-------------------------------------------
     0 | D:1      | iamserjio the Gargoyle Fighter began the quest for the Orb.
     0 | D:1      | Reached XP level 1. HP: 14/14 MP: 1/1
   131 | D:1      | Reached skill level 2 in Axes
   142 | D:1      | Reached XP level 2. HP: 15/19 MP: 2/2
   418 | D:2      | Found a snail-covered altar of Cheibriados.
   464 | D:3      | Noticed Grinder
   471 | D:3      | Paralysed by Grinder for 6 turns
   486 | D:3      | Killed Grinder
   486 | D:3      | Reached skill level 4 in Axes
   486 | D:3      | Reached XP level 3. HP: 1/23 MP: 3/3
   486 | D:3      | Reached XP level 4. HP: 2/28 MP: 4/4
   486 | D:3      | Reached XP level 5. HP: 2/32 MP: 5/5
   521 | D:3      | Noticed Ijyb
   522 | D:3      | Found a transporter.
   528 | D:3      | Paralysed by Ijyb for 7 turns
   535 | D:3      | Found a transporter.
   537 | D:3      | Noticed a centaur
   537 | D:3      | Noticed an ice beast
   539 | D:3      | Found a glowing golden altar of the Shining One.
   550 | D:3      | Paralysed by Ijyb for 7 turns
   557 | D:3      | Killed Ijyb
   557 | D:3      | Reached XP level 6. HP: 5/37 MP: 6/6
   799 | D:3      | Found a glowing drain.
   811 | Sewer    | Entered a sewer
   887 | D:3      | Noticed Sigmund
   925 | D:3      | Killed Sigmund
   925 | D:3      | Reached skill level 5 in Axes
   925 | D:3      | Reached skill level 5 in Armour
   925 | D:3      | Reached skill level 5 in Shields
   925 | D:3      | Reached XP level 7. HP: 16/41 MP: 7/7
  1034 | D:5      | Entered Level 5 of the Dungeon
  1314 | D:4      | Noticed Blork the orc
  1315 | D:4      | Noticed Duvessa
  1315 | D:4      | Noticed Dowan
  1334 | D:4      | Killed Blork the orc
  1334 | D:4      | Reached skill level 6 in Axes
  1334 | D:4      | Reached XP level 8. HP: 33/46 MP: 8/8
  1347 | D:4      | Killed from afar by Dowan

Vault maps used:
D:1:      lightli_arrival_isolated_outpost, minmay_misc_feat_diagonals
D:2:      kennysheep_slug_shrine, first_ration, uniq_crazy_yiuf_cottage
D:3:      gammafunk_temple_overflow_arena, portal_sewer_entry_f, uniq_ijyb,
          uniq_sigmund, uniq_grinder
D:4:      uniq_blork_the_orc, uniq_duvessa
D:5:      serial_bayou_pond_d
D:6:      minmay_temple_entry_junction, serial_shops, shop
Sewer:    sewer_co_purgy_island

Skill      XL: |  1  2  3  4  5  6  7 |
---------------+----------------------+-----
Axes           | 2 4 5 6 |  6.0
Armour         | 4 5 |  5.8
Shields        | 4 5 |  5.8
Fighting       | |  3.2

Action                   |  1- 3 |  4- 6 |  7- 9 || total
-------------------------+-------+-------+-------++-------
Melee: War axe           |    68 |   112 |   100 ||   280
Evoke: Wand              |       |     2 |       ||     2
  Use: Scroll            |       |       |     9 ||     9
 Stab: Paralysed         |       |     3 |       ||     3
  Eat: Chunk             |       |       |     1 ||     1
Armor: Scale mail        |    25 |     8 |       ||    33
       Plate armour      |       |    51 |   105 ||   156
Dodge: Dodged            |    15 |    19 |    18 ||    52
Block: Shield            |    38 |    42 |    64 ||   144

Table legend:
 A = Spawn XP
 B = Non-spawn XP
 C = Spawn XP percentage of total XP
 D = Spawn monster count
 E = Non-spawn monster count
 F = Spawn count percentage of total count
 G = Total turns spent on level
                    A         B        C        D         E        F      G
               +---------+---------+-------+---------+---------+-------+---------
         Total |       0 |    1267 |   0.0 |       0 |      60 |   0.0 |  1347
               +---------+---------+-------+---------+---------+-------+---------
           D:1 |       0 |      17 |   0.0 |       0 |      11 |   0.0 |   258
           D:2 |       0 |       9 |   0.0 |       0 |       5 |   0.0 |   231
           D:3 |       0 |     753 |   0.0 |       0 |      21 |   0.0 |   383
           D:4 |       0 |     314 |   0.0 |       0 |      17 |   0.0 |   303
           D:5 |       0 |     171 |   0.0 |       0 |       3 |   0.0 |   100
         Sewer |       0 |       3 |   0.0 |       0 |       3 |   0.0 |    70
               +---------+---------+-------+---------+---------+-------+---------
